 Dungeon Crawl Stone Soup version 0.19.4-8-ga85b6b9 (webtiles) character file.

200 empire the Skirmisher (level 5, 0/42 HPs)
             Began as a Mummy Fighter on Feb 10, 2017.
             Slain by a hound (3 damage)
             ... on level 5 of the Dungeon.
             The game lasted 00:05:50 (2531 turns).

empire the Skirmisher (Mummy Fighter)               Turns: 2531, Time: 00:05:51

Health: 0/42       AC: 12    Str: 20    XL:     5   Next: 49%
Magic:  5/5        EV:  3    Int:  7    God:
Gold:   124        SH:  9    Dex: 12    Spells: 0 memorised, 4 levels left

rFire  x . .     SeeInvis .     a - +0 long sword
rCold  + . .     Gourm    .     f - +0 plate armour
rNeg   + + +     Faith    .     c - +0 shield
rPois  ∞         Spirit   .     (no helmet)
rElec  .         Reflect  .     (no cloak)
rCorr  .         Harm     .     d - +0 pair of gloves
MR     .....                    (no boots)
Stlth  ..........               (no amulet)
                                (no ring)
                                (no ring)

@: no status effects
A: no food or potions, fire vulnerability, cold resistance 1, negative energy
resistance 3, torment resistance, unbreathing
a: no special abilities


You were on level 5 of the Dungeon.
You were not hungry.

You visited 1 branch of the dungeon, and saw 5 of its levels.

You collected 124 gold pieces.

Inventory:

Hand Weapons
 a - a +0 long sword (weapon)
Armour
 c - a +0 shield (worn)
 d - a +0 pair of gloves (worn)
 f - a +0 plate armour (worn)
 n - a +0 ring mail of cold resistance
Wands
 k - a wand of confusion (48/48)
Scrolls
 b - 2 scrolls of noise
 e - 5 scrolls of identify
 h - a scroll of remove curse


   Skills:
 + Level 4.1 Fighting
 + Level 2.5 Long Blades
 + Level 3.0 Armour
 + Level 3.3 Shields
 + Level 1.0 Evocations


You had 4 spell levels left.
You didn't know any spells.

Dungeon Overview and Level Annotations

Branches:
Dungeon (5/15)
 Temple: D:4-7

Altars:
Hepliaklqana
Makhleb
Ru
The Shining One


Innate Abilities, Weirdness & Mutations

You do not eat or drink.
Your flesh is vulnerable to fire.
You are immune to poison.
Your flesh is cold resistant. (rC+)
You are immune to negative energy. (rN+++)
You are immune to unholy pain and torment.
You can survive without breathing.


Message History

The orc throws a tomahawk.
The tomahawk hits you but does no damage.
You see here a tomahawk.
The hound bites you but does no damage.
The orc throws a tomahawk.
The tomahawk hits you but does no damage.
You see here a tomahawk.
Okay, then.
Found a scroll of random uselessness.
The hound pauses to sniff the ground.
The hound bites you.
* * * LOW HITPOINT WARNING * * *
You see here a scroll of random uselessness.
The hound bites you but does no damage. The hound bites you.
* * * LOW HITPOINT WARNING * * *
Found a long sword.
You closely miss the hound.
The hound is heavily wounded.
The hound bites you.
You die...

###(.###.......
###...o#.........
....o.sl(.s.......
.....o..###l.#####
####o##.# #o## #.
#.# #.# . #.# #a#
.# #.# #h# .. #@#
#.# #.# #.# #.#
#.# ).# .##


You could see a hound, a worker ant, an orc, a leopard gecko and a giant
cockroach.

Vanquished Creatures
  An iguana (D:4)
  An orc wizard (D:3)
  A worker ant (D:3)
  2 adders
  A howler monkey skeleton (D:4)
  An ooze (D:3)
  5 worms (D:3)
  3 dart slugs
  4 leopard geckos
  4 orcs (D:3)
  A ball python (D:1)
  5 bats
  3 giant cockroaches
  11 goblins
  4 hobgoblins
  4 jackals (D:2)
  7 kobolds
  2 quokkas
  2 frilled lizards
  7 rats
69 creatures vanquished.

Notes
Turn   | Place    | Note
-------+----------+-------------------------------------------
     0 | D:1      | empire the Mummy Fighter began the quest for the Orb.
     0 | D:1      | Reached XP level 1. HP: 18/18 MP: 1/1
   261 | D:1      | Reached XP level 2. HP: 24/24 MP: 2/2
   350 | D:1      | Found a glowing golden altar of the Shining One.
   682 | D:2      | Reached XP level 3. HP: 23/29 MP: 3/3
   829 | D:2      | Found a hazy altar of Hepliaklqana.
  1639 | D:3      | Reached XP level 4. HP: 32/37 MP: 4/4
  2072 | D:3      | Found a sacrificial altar of Ru.
  2246 | D:2      | Found a burning altar of Makhleb.
  2314 | D:4      | Reached skill level 4 in Fighting
  2314 | D:4      | Reached XP level 5. HP: 32/42 MP: 5/5
  2333 | D:4      | Noticed an ogre
  2372 | D:3      | Reached skill level 1 in Evocations
  2515 | D:5      | Entered Level 5 of the Dungeon
  2531 | D:5      | Slain by a hound

Skill      XL: |  1  2  3  4  5 |
---------------+----------------+-----
Long Blades    | 2 |  2.5
Shields        | 3 |  3.3
Fighting       | 4 |  4.1
Armour         | 3 |  3.0
Evocations     | 1 |  1.0

Action                   |  1- 3 |  4- 6 || total
-------------------------+-------+-------++-------
Melee: Long sword        |   184 |    99 ||   283
  Use: Scroll            |     2 |     7 ||     9
Armor: Scale mail        |     8 |       ||     8
       Plate armour      |   118 |    99 ||   217
Dodge: Dodged            |    30 |    20 ||    50
Block: Shield            |   106 |    74 ||   180
       Rpst.: Long sword |     5 |     8 ||    13
